 Dungeon Crawl Stone Soup version 0.25.1-2-g60ff931df9 (webtiles) character file.

Game seed: 4953517796368608798

201 DearestLeader the Conjurer (level 5, 0/30 HPs)
             Began as a Deep Elf Conjurer on Sept 10, 2020.
             Slain by a worker ant (6 damage)
             ... on level 3 of the Dungeon.
             The game lasted 00:09:44 (3256 turns).

DearestLeader the Conjurer (Deep Elf Conjurer)      Turns: 3256, Time: 00:09:45

Health: 0/30       AC:  2    Str:  5    XL:     5   Next: 50%
Magic:  3/13       EV: 14    Int: 21    God:
Gold:   119        SH:  0    Dex: 15    Spells: 4/12 levels left

rFire    + . .     SeeInvis .   q - +1 dagger (venom)
rCold    + . .     Gourm    .   (no shield)
rNeg     . . .     Faith    .   a - +0 robe
rPois    +         Spirit   .   (no helmet)
rElec    +         Reflect  .   (no cloak)
rCorr    +         Harm     .   (no gloves)
MR       +....                  (no boots)
Stlth    ++........             (no amulet)
HPRegen  0.10/turn              i - ring of protection from magic
MPRegen  0.13/turn              (no ring)

@: brilliant, lethally poisoned (0 -> -2), resistant, very slightly contaminated
A: deterioration 1, robust 1
a: no special abilities


You were on level 3 of the Dungeon.
You were not hungry.

You visited 1 branch of the dungeon, and saw 4 of its levels.

You collected 119 gold pieces.

Inventory:

Hand Weapons
 b - a +0 whip
 q - a +1 dagger of venom (weapon)
 r - a +1 dagger of electrocution
Missiles
 j - 2 boomerangs (quivered)
 t - 5 poisoned darts
Armour
 a - a +0 robe (worn)
 o - a cursed +0 buckler
Jewellery
 i - a ring of protection from magic (left hand)
Scrolls
 e - a scroll of amnesia {unknown}
 g - 4 scrolls of remove curse {unknown}
 k - a scroll of immolation {unknown}
 l - 3 scrolls of enchant armour {unknown}
 m - 2 scrolls of fear {unknown}
 n - 2 scrolls of enchant weapon {unknown}
 u - a scroll of fog {unknown}
Potions
 h - 3 potions of flight
Comestibles
 c - 5 rations


   Skills:
 + Level 4.1 Dodging
 - Level 2.4 Stealth
 + Level 4.2 Spellcasting
 * Level 6.3 Conjurations


You had 4 spell levels left.
You knew the following spells:

 Your Spells              Type           Power        Failure   Level  Hunger
a - Magic Dart            Conj           ####         1%          1    None
b - Iskenderun's Mystic   Conj/Tloc      ####....     32%         4    None
c - Dazzling Flash        Conj/Hex       ####..       10%         3    None

Your spell library contained the following spells:

 Spells                   Type           Power        Failure   Level  Hunger
 Searing Ray              Conj           #####.       1%          2    None
 Fulminant Prism          Conj/Hex       ####......   32%         4    None


Dungeon Overview and Level Annotations

Branches:
Dungeon (4/15)
 Temple: D:4-7

Altars:
Okawaru


Innate Abilities, Weirdness & Mutations

Your body sometimes deteriorates upon taking damage.
You are robust. (+10% HP)


Message History

A worker ant comes into view.
The worker ant bites you.
You are poisoned.
The worker ant poisons you!
You climb upwards.
You feel sick.
There is a stone staircase leading down here.
You feel sick. The worker ant closely misses you.
You feel sick. The worker ant bites you.
* * * LOW HITPOINT WARNING * * *
It was a potion of brilliance.
You feel clever all of a sudden. The worker ant closely misses you.
It was a potion of resistance.
You feel protected.
You feel sick. The worker ant closely misses you.
It was a potion of mutation.
You feel extremely strange.
You feel yourself wasting away.
You feel robust. The worker ant bites you.
You die...

#.#..##....##..# #
#.#..##.##.##..# #
.........#.##..# #
#.#..##..#.##..########### #
.........................# #
...........###.#########.########
#.#.....#### #...# #.........
......#.# ###.# ##########
...#..#.# #@# ...#..#.# #a#
####..#.# #.# #..#.########.##
####<.#...........##
..##..#...)...>###.##
..............## ##.# ###
#####.######..# #.###.## ### #.#
##.## ##.##...######..


You could see a worker ant.

Vanquished Creatures
  A howler monkey (D:4)
  A bullfrog skeleton (D:4)
  A howler monkey skeleton (D:4)
  2 adders (D:2)
  A gnoll (D:2)
  2 oozes
  An adder skeleton (D:4)
  A worm (D:3)
  A dart slug (D:1)
  A leopard gecko (D:3)
  7 orcs
  5 bats
  3 giant cockroaches
  4 hobgoblins
  10 jackals
  10 kobolds
  A ball python (D:1)
  2 frilled lizards
  10 goblins
  8 rats
72 creatures vanquished.

Notes
Turn   | Place    | Note
-------+----------+-------------------------------------------
     0 | D:1      | DearestLeader the Deep Elf Conjurer began the quest for the
                  | Orb.
     0 | D:1      | Reached XP level 1. HP: 10/10 MP: 6/6
    93 | D:1      | Reached XP level 2. HP: 15/15 MP: 0/8
   368 | D:1      | Reached skill level 5 in Conjurations
   715 | D:1      | Reached XP level 3. HP: 19/19 MP: 7/9
  1887 | D:2      | Reached XP level 4. HP: 24/24 MP: 9/11
  1978 | D:2      | Found an iron altar of Okawaru.
  2190 | D:3      | Learned a level 4 spell: Iskenderun's Mystic Blast
  2194 | D:3      | Learned a level 3 spell: Dazzling Flash
  2958 | D:4      | Reached skill level 6 in Conjurations
  2958 | D:4      | Reached XP level 5. HP: 26/28 MP: 2/13
  3256 | D:3      | Gained mutation: Your body sometimes deteriorates upon
                  | taking damage. [potion of mutation]
  3256 | D:3      | Gained mutation: You are robust. (+10% HP) [potion of
                  | mutation]
  3256 | D:3      | Slain by a worker ant

Illustrated notes

Levels and vault maps discovered:
D:1:      matt_arrival_los_fun, layout_loops_ring, st_stairs_4,
          serial_bayou_pond_d
D:2:      layout_basic, palyth_stone_intersect, okawaru_altar_gauntlet_db
D:3:      layout_loops_ring
D:4:      layout_loops_ring, first_ration, bloody_makhleb

Skill      XL: |  1  2  3  4  5 |
---------------+----------------+-----
Conjurations   | 5 6 |  6.3
Dodging        | 3 4 |  4.1
Spellcasting   | 4 |  4.2
Stealth        | |  2.4

Action                   |  1- 3 |  4- 6 || total
-------------------------+-------+-------++-------
Melee: Dagger            |       |     3 ||     3
 Cast: Magic Dart        |    68 |    80 ||   148
       Dazzling Flash    |       |     1 ||     1
  Use: Scroll            |     2 |       ||     2
       Potion            |       |     3 ||     3
 Stab: Sleeping          |       |     1 ||     1
  Eat: Chunk             |     2 |     5 ||     7
Armor: Robe              |       |     1 ||     1
Dodge: Dodged            |     1 |    14 ||    15
